 Dungeon Crawl Stone Soup version 0.27.1-33-g824d729ab1 (webtiles) character file.

Game seed: 15339749525204787519

94 Destapler the Conjurer (level 4, 0/33 HPs)
             Began as a Draconian Conjurer on Nov 28, 2021.
             Slain by a sky beast (1 damage)
             ... on level 3 of the Dungeon.
             The game lasted 00:06:10 (2475 turns).

Destapler the Conjurer (Draconian Conjurer)         Turns: 2475, Time: 00:06:10

Health: 0/33       AC:  5    Str:  9    XL:     4   Next: 38%
Magic:  7/7        EV: 12    Int: 19    God:
Gold:   77         SH:  0    Dex: 10    Spells: 7/8 levels left

rFire    . . .     SeeInvis .   d - +0 scimitar
rCold    . . .     Faith    .   (no shield)
rNeg     . . .     Spirit   .   (armour unavailable)
rPois    .         Reflect  .   (helmet restricted)
rElec    .         Harm     .   (no cloak)
rCorr    .         Rampage  .   (no gloves)
Will     .....                  (no boots)
Stlth    ++........             (no amulet)
HPRegen  0.11/turn              (no ring)
MPRegen  0.10/turn              (no ring)

@: no status effects
A: AC +5, unfitting armour, cold-blooded
a: no special abilities


You were on level 3 of the Dungeon.
You visited 1 branch of the dungeon, and saw 3 of its levels.

You collected 77 gold pieces.

Inventory:

Hand Weapons
 b - a +0 dagger
 d - a +0 scimitar (weapon)
Missiles
 f - 2 javelins
Scrolls
 a - 5 scrolls of identify
 c - 2 scrolls of immolation {unknown}
 g - 3 scrolls of teleportation
 h - a scroll of fear {unknown}
 l - a scroll of enchant armour {unknown}
Potions
 e - a potion of degeneration {unknown}
 i - a potion of brilliance {unknown}
 j - 3 potions of curing {unknown}
 k - a potion of haste {unknown}


   Skills:
 + Level 1.0 Long Blades
 + Level 2.4 Dodging
 + Level 2.6 Stealth
 + Level 1.1 Shields
 + Level 2.5 Spellcasting
 + Level 4.4 Conjurations


You had 7 spell levels left.
You knew the following spells:

 Your Spells              Type           Power      Damage    Failure   Level
a - Magic Dart            Conj           76%        1d6       2%          1

Your spell library contained the following spells:

 Spells                   Type           Power      Damage    Failure   Level
 Searing Ray              Conj           38%        3d4       4%          2
 Animate Skeleton         Necr           4%         N/A       16%         1
 Pain                     Necr           8%         1d4       16%         1
 Dazzling Flash           Conj/Hex       20%        N/A       19%         3
 Call Imp                 Summ           2%         N/A       24%         2
 Mephitic Cloud           Conj/Pois/Air  7%         N/A       26%         3
 Vampiric Draining        Necr           1%         2d6       43%         3
 Fulminant Prism          Conj/Hex       5%         3d7       54%         4
 Iskenderun's Mystic Bla  Conj/Tloc      10%        2d4       54%         4


Dungeon Overview and Level Annotations

Branches:
Dungeon (3/15)

Altars:


Innate Abilities, Weirdness & Mutations

Your plain brown scales are hard. (AC +5)
You cannot fit into any form of body armour.
You are cold-blooded and may be slowed by cold attacks.


Message History

The endoplasm barely misses you.
You barely miss the endoplasm. The endoplasm closely misses you.
You hit the endoplasm.
You kill the endoplasm!
You can't see any susceptible monsters within range! (Use Z to cast anyway.)
You can't see any susceptible monsters within range! (Use Z to cast anyway.)
You can't see any susceptible monsters within range! (Use Z to cast anyway.) No target in view!
Found 12 gold pieces.
No target in view!
You now have 77 gold pieces (gained 12).
A sky beast comes into view.
A sky beast is nearby!
You hit the sky beast.
The sky beast is lightly wounded.
The sky beast hits you. The sky beast shocks you.
A sky beast is nearby!
You closely miss the sky beast.
The sky beast is lightly wounded.
The sky beast barely misses you.
The sky beast flickers out of sight!
Deactivating autopickup; reactivate with Ctrl-A.
Something hits you but does no damage.
There is a strange disturbance nearby!
No target in view!
No target in view!
You are not religious.
Unknown command.
Casting: Magic Dart (safe; 2% risk of failure)
Confirm with . or Enter, or press ? or * to list all spells.
Okay, then.
Okay, then.
You miss something. Something hits you. Something shocks you.
You slash something! Something hits you. Something shocks you.
* * * LOW HITPOINT WARNING * * *
You miss something. Something hits you.
* * * LOW HITPOINT WARNING * * *
Something shocks you.
* * * LOW HITPOINT WARNING * * *
You closely miss something. Something hits you.
You die...

#.#####...# ..
###.........# .. ....
............# ##.
.... #######.....#
#.. ....
......#.....####.#
..#
.####.#..#.....#.#...
.#.......#...###.#.#
...................#
.#.......#...###@#.#
.#..######...# #{#
.#......##...# #.#
.#...##.##.... #.#
.............. ...
.#....#.####.# #.#
......# .. #.#
......######## #.#
#.....<......#


There were no monsters in sight!

Vanquished Creatures
  An iguana (D:3)
  3 dart slugs
  2 orcs (D:3)
  5 ball pythons
  3 bats
  6 endoplasms
  3 giant cockroaches (D:3)
  3 goblins
  3 hobgoblins
  7 jackals (D:1)
  4 quokkas
  2 frilled lizards
  4 kobolds
  5 rats (D:2)
51 creatures vanquished.

Notes
Turn   | Place    | Note
-------+----------+-------------------------------------------
     0 | D:1      | Destapler the Draconian Conjurer began the quest for the
                  | Orb.
     0 | D:1      | Reached XP level 1. HP: 14/14 MP: 3/3
   293 | D:1      | Reached XP level 2. HP: 20/20 MP: 1/5
  1388 | D:2      | Reached XP level 3. HP: 26/26 MP: 4/6
  1928 | D:3      | Reached XP level 4. HP: 15/33 MP: 7/7
  2101 | D:3      | Reached skill level 1 in Shields
  2299 | D:3      | Reached skill level 1 in Long Blades
  2468 | D:3      | Noticed a sky beast
  2474 | D:3      | HP: 1/33 [something (6)]
  2475 | D:3      | Slain by a sky beast

Illustrated notes

Levels and vault maps discovered:
D:1:      minmay_arrival_plants_in_alcoves, layout_loops_ring
D:2:      layout_loops_ring, minivault_25
D:3:      layout_basic, ebering_ecumenical_altar_hall, minmay_fractal_squares_5,
          uniq_grinder

Skill      XL: |  1  2  3  4 |
---------------+-------------+-----
Dodging        | 2 |  2.4
Stealth        | 2 |  2.6
Shields        | 1 |  1.1
Long Blades    | 1 |  1.0
Spellcasting   | |  2.5
Conjurations   | |  4.4

Action                   |  1- 3 |  4- 6 || total
-------------------------+-------+-------++-------
Melee: Dagger            |    31 |       ||    31
       Unarmed           |     6 |       ||     6
       Scimitar          |    39 |    17 ||    56
       Tailslap          |     4 |       ||     4
 Cast: Magic Dart        |    40 |    21 ||    61
  Use: Scroll            |     2 |       ||     2
 Stab: Sleeping          |     2 |       ||     2
Armor: Skin              |    31 |     3 ||    34
Dodge: Dodged            |    55 |     9 ||    64
       Rpst.: Scimitar   |     9 |     3 ||    12
